 Dungeon Crawl Stone Soup version 0.32-a0-450-g080537f31e (webtiles) character file.

Game seed: 16626832756623189521

94 pokeman the Magician (level 4, -1/25 HPs)
             Began as a Deep Elf Hedge Wizard on Feb 23, 2024.
             Succumbed to poison
             ... on level 3 of the Dungeon.
             The game lasted 00:04:05 (2846 turns).

pokeman the Magician (Deep Elf Hedge Wizard)        Turns: 2846, Time: 00:04:06

Health: -1/25      AC:  2    Str:  7    XL:     4   Next: 38%
Magic:  0/13       EV: 12    Int: 21    God:
Gold:   84         SH:  0    Dex: 14    Spells: 3/14 levels left

rFire   . . .        o - +2 whip (elec)
rCold   + . .        (no shield)
rNeg    + . .        g - +0 robe {rC+}
rPois   .            c - +0 hat
rElec   .            (no cloak)
rCorr   +            (no gloves)
SInv    .            (no boots)
Will    .....        (no amulet)
Stlth   ++           f - ring of positive energy
HPRegen 0.24/turn    n - ring of resist corrosion
MPRegen 0.13/turn

%: no passive effects
@: lethally poisoned (-1 -> -15), on blink cooldown, very slightly contaminated
A: no striking features
a: no special abilities


You were on level 3 of the Dungeon.
You visited 1 branch of the dungeon, and saw 3 of its levels.

You collected 84 gold pieces.

Inventory:

Hand Weapons
 o - a +2 whip of electrocution (weapon)
Armour
 c - a +0 hat (worn)
 g - a +0 robe of cold resistance (worn)
 m - a +0 buckler
Jewellery
 f - a ring of positive energy (left hand)
 n - a ring of resist corrosion (right hand)
Scrolls
 a - a scroll of blinking {unknown}
 b - 3 scrolls of identify {unknown}
 i - a scroll of revelation {unknown}
 j - 3 scrolls of teleportation {unknown}
Potions
 d - a potion of magic
 e - 2 potions of enlightenment {unknown}
 h - a potion of heal wounds {unknown}
 k - 2 potions of might {unknown}
 l - a potion of berserk rage {unknown}


   Skills:
 - Level 1.0 Fighting
 - Level 1.0 Armour
 + Level 2.8 Dodging
 + Level 2.7 Stealth
 * Level 5.7 Spellcasting
 + Level 2.1 Conjurations
 - Level 1.1 Summonings
 - Level 1.1 Translocations


You had 3 spell levels left.
You knew the following spells:

 Your Spells              Type           Power      Damage    Failure   Level
a - Magic Dart            Conj           60%        1d6       4%          1
b - Mephitic Cloud        Conj/Alch/Air  9%         N/A       22%         3
c - Call Imp              Summ           20%        N/A       10%         2
d - Blink                 Tloc           20%        N/A       10%         2
e - Stone Arrow           Conj/Erth      20%        3d8       19%         3

Your spell library contained the following spells:

 Spells                   Type           Power      Damage    Failure   Level
 Apportation              Tloc           20%        N/A       6%          1
 Summon Small Mammal      Summ           40%        N/A       6%          1
 Sandblast                Erth           10%        2d5       10%         1
 Slow                     Hex            20%        N/A       10%         1
 Cigotuvi's Dreadful Rot  Necr/Alch/Air  10%        N/A       16%         2
 Jinxbite                 Hex            10%        N/A       16%         2
 Call Canine Familiar     Summ           10%        N/A       19%         3
 Passwall                 Erth           5%         N/A       30%         3
 Brom's Barrelling Bould  Conj/Erth      10%        2d3       54%         4
 Summon Blazeheart Golem  Fire/Summ      8%         N/A       63%         4
 Alistair's Intoxication  Alch           3%         N/A       95%         5


Dungeon Overview and Level Annotations

Branches:
Dungeon (3/15)

Altars:
Qazlal

Shops:
D:2 [(*(*


Message History

Aim: a gnoll, wielding a +0 flail (chance to affect: 91%)
The ball explodes into a vile cloud!
The stinking cloud engulfs the gnoll. x2
The gnoll is engulfed in noxious fumes.
The gnoll appears confused.
A gnoll comes into view. It is wielding a +0 spear.
The gnoll is engulfed in noxious fumes.
The gnoll appears confused.
Unknown command.
You hit the gnoll.
The gnoll is lightly wounded.
The gnoll is engulfed in noxious fumes.
The gnoll appears confused.
The gnoll is engulfed in noxious fumes.
The gnoll appears confused.
Unknown command.
You hit the gnoll.
The gnoll is moderately wounded.
The gnoll is engulfed in noxious fumes.
The gnoll appears confused.
The gnoll is engulfed in noxious fumes.
The gnoll appears confused.
The gnoll hits you from afar with a +0 spear.
Unknown command.
The gnoll hits you with a +0 flail.
You barely miss the gnoll.
The gnoll is lightly wounded.
Unknown command.
Casting: Mephitic Cloud (extremely dangerous; 22% risk of failure)
Confirm with . or Enter, or press ? or * to list all spells.
Aiming: Mephitic Cloud (extremely dangerous; 22% risk of failure)
Press: ? - help, Shift-Dir - straight line, f - gnoll, p - gnoll
Aim: a gnoll, wielding a +0 spear (chance to affect: 91%)
You miscast Mephitic Cloud.
You are very lightly contaminated with residual magic.
You are engulfed in toxic fumes.
You are lethally poisoned!
You feel very sick.
The gnoll is engulfed in noxious fumes.
The gnoll appears confused.
The gnoll hits the gnoll but does no damage.
The gnoll hits itself with a +0 spear.
The gnoll hits you from afar with a +0 spear!
* * * LOW HITPOINT WARNING * * *
Casting: Mephitic Cloud (extremely dangerous; 22% risk of failure)
Confirm with . or Enter, or press ? or * to list all spells.
You blink.
You die...

#.##...# .......###
#.##..°°☼.# ..........
#.....°)gg# #.#.....#
#g.§# #........ ..# #...##
#. #........
##.#.####...##.#.#
#....... ..#.#......##.#.#
##.....#
#.#.#.##........###
##...##
#.#.#......@..#)..## ##<##
#...#.).##.####....#####.#
#........#.# #..........#
#._....^...# ##...#######
#........#.# ##.##
#)).#...##.######.#
#.#...............#
#.#.#.....>(...####
#.#.#.####.###.#


You could see 2 gnolls.

Vanquished Creatures
  A gnoll (D:3)
  2 adders
  A dart slug (D:2)
  A ribbon worm (D:2)
  4 orcs (D:3)
  7 endoplasms
  2 giant cockroaches
  4 goblins
  5 hobgoblins
  2 jackals (D:2)
  2 kobolds
  3 quokkas
  5 ball pythons
  7 bats
  4 frilled lizards
  3 rats
53 creatures vanquished.

Notes
Turn   | Place    | Note
-------+----------+-------------------------------------------
     0 | D:1      | pokeman the Deep Elf Hedge Wizard began the quest for the
                  | Orb.
     0 | D:1      | Reached XP level 1. HP: 10/10 MP: 7/7
   335 | D:1      | Reached XP level 2. HP: 15/15 MP: 0/9
   895 | D:1      | Reached skill level 5 in Spellcasting
  1242 | D:2      | Found Zafisk's Armour Boutique.
  1296 | D:2      | Found Ylah's Weapon Shoppe.
  1317 | D:2      | Reached XP level 3. HP: 18/20 MP: 3/11
  1326 | D:2      | Learned a level 3 spell: Mephitic Cloud
  1329 | D:2      | Learned a level 2 spell: Call Imp
  1332 | D:2      | Learned a level 2 spell: Blink
  1582 | D:2      | Reached skill level 1 in Fighting
  1784 | D:2      | Learned a level 3 spell: Stone Arrow
  1793 | D:2      | Found a faded altar of an unknown god.
  1935 | D:2      | Reached skill level 1 in Armour
  2031 | D:2      | Found Fac Apti's General Store.
  2033 | D:2      | Found Fitzoal's Weapon Boutique.
  2036 | D:2      | Found Efoirioxt's Assorted Antiques.
  2552 | D:3      | Reached XP level 4. HP: 21/25 MP: 5/13
  2703 | D:3      | Found a stormy altar of Qazlal.
  2846 | D:3      | Succumbed to poison

Illustrated notes

Levels and vault maps discovered:
D:1:      sevenhm_arrival_forest_fort_large_2, layout_basic, dk_noncrumbling_4
D:2:      layout_basic, hellmonk_ecumenical_altar_zigzags, serial_rivers,
          chequers_serial_rivers_micro_c, chequers_serial_rivers_large_b,
          chequers_serial_rivers_marsh, chequers_serial_rivers_marsh,
          chequers_serial_rivers_small_3, chequers_serial_rivers_micro_a,
          serial_shops, shop, shop, shop, nicolae_shop_crystal, shop,
          eino_tiny_chamber, dk_noncrumbling_3, nrook_mini_vaults
D:3:      layout_loops_ring, mainiacjoe_overflow_boulevard

Skill      XL: |  1  2  3 |
---------------+----------+-----
Spellcasting   | 5 |  5.7
Fighting       | 1 |  1.0
Armour         | 1 |  1.0
Conjurations   | 2 |  2.1
Dodging        | |  2.8
Stealth        | |  2.7
Summonings     | |  1.1
Translocations | |  1.1

Action                     |  1- 3 |  4- 6 || total
---------------------------+-------+-------++-------
  Melee: Dagger            |    11 |       ||    11
         Whip              |       |     7 ||     7
   Cast: Magic Dart        |   123 |    22 ||   145
         Mephitic Cloud    |       |     1 ||     1
         Blink             |       |     1 ||     1
   Stab: Sleeping          |     1 |       ||     1
 Armour: Robe              |    21 |     5 ||    26
  Dodge: Dodged            |    31 |     7 ||    38

Table legend: (Time is in decaauts)
 A = Elapsed time spent in this place.
 B = Non-inter-level travel time spent in this place.
 C = Inter-level travel time spent in this place.
 D = Time resting spent in this place.
 E = Time spent auto-exploring this place.
 F = Levels seen in this place.
 G = Mean time per level.
                   A        B        C        D        E       F      G
               +--------+--------+--------+--------+--------+-----+--------+
         Total |   2883 |   2807 |     76 |     65 |   2431 |   3 |  961.0 |
       Dungeon |   2883 |   2807 |     76 |     65 |   2431 |   3 |  961.0 |
               +--------+--------+--------+--------+--------+-----+--------+

Top non-repeatable levels by time:
     D:2: 1285 daAuts
     D:1: 1201 daAuts
     D:3: 397 daAuts
